 Dungeon Crawl Stone Soup version 0.21.1-1-g345015f (webtiles) character file.

4252 vatarom the Destroyer (level 10, 0/80 (82) HPs)
             Began as a Green Draconian Venom Mage on Mar 26, 2018.
             Was a Believer of Sif Muna.
             Slain by wojtek's ghost (5 damage)
             ... on level 10 of the Dungeon.
             The game lasted 00:22:53 (9732 turns).

vatarom the Destroyer (Green Draconian Venom Mage)  Turns: 9732, Time: 00:22:54

HP:   0/80 (82)     AC: 10    Str: 13    XL:     10   Next: 10%
MP:   21/21         EV: 12    Int: 19    God:    Sif Muna [**....]
Gold: 425           SH:  4    Dex: 16    Spells: 9/24 levels left

rFire    . . .     SeeInvis .   o - +1 mace (holy)
rCold    . . .     Gourm    .   (no shield)
rNeg     . . .     Faith    .   (armour unavailable)
rPois    +         Spirit   .   (helmet restricted)
rElec    .         Reflect  +   l - +2 cloak
rCorr    .         Harm     .   (no gloves)
MR       +....                  (no boots)
Stlth    ++........             t - +4 amulet of reflection
HPRegen  0.23/turn              d - ring of protection from magic
MPRegen  0.17/turn              r - +3 ring of dexterity

@: divine energy
A: breathe noxious fumes, unfitting armour, agile 1, poison resistance, strong
1, cold-blooded, AC +7
a: Breathe Noxious Fumes, Stop Divine Energy, Renounce Religion


You were on level 10 of the Dungeon.
You worshipped Sif Muna.
Sif Muna was pleased with you.
You were not hungry.

You visited 2 branches of the dungeon, and saw 11 of its levels.
You also visited: Ossuary.

You collected 425 gold pieces.

Inventory:

Hand Weapons
 o - a +1 mace of holy wrath (weapon)
Armour
 l - a +2 cloak (worn)
Jewellery
 c - an uncursed ring of flight
 d - a ring of protection from magic (left hand)
 n - an uncursed ring of protection from fire
 r - a +3 ring of dexterity (right hand)
 t - a +4 amulet of reflection (around neck)
Wands
 s - a wand of iceblast (18)
 u - a wand of acid (1)
 y - a wand of polymorph (16)
Scrolls
 e - 5 scrolls of remove curse
 g - 4 scrolls of identify
 i - a scroll of random uselessness
 j - a scroll of immolation
 m - 4 scrolls of magic mapping
 p - 3 scrolls of amnesia
 x - a scroll of teleportation
 z - a scroll of fear
Potions
 f - a potion of heal wounds
 h - a potion of might {unknown}
 k - a potion of curing
 q - a potion of agility
 v - a potion of brilliance {unknown}
 w - a potion of flight
Books
 a - a Young Poisoner's Handbook

   Spells                             Type                      Level
   a - Sting                          Conjuration/Poison           1
   b - Poisonous Vapours              Poison/Air                   2
   c - Mephitic Cloud                 Conjuration/Poison/Air       3
   d - Olgreb's Toxic Radiance        Poison                       4
   e - Venom Bolt                     Conjuration/Poison           5
Comestibles
 b - 5 rations
 A - 2 chunks of flesh


   Skills:
 * Level 5.6 Fighting
 - Level 1.7 Dodging
 - Level 1.7 Stealth
 * Level 7.7 Spellcasting
 * Level 8.6 Conjurations
 + Level 8.1 Poison Magic
 + Level 3.6 Invocations


You had 9 spell levels left.
You knew the following spells:

 Your Spells              Type           Power        Failure   Level  Hunger
a - Sting                 Conj/Pois      ####         1%          1    None
b - Poisonous Vapours     Pois/Air       ###...       2%          2    None
c - Mephitic Cloud        Conj/Pois/Air  ####....     2%          3    #......
d - Olgreb's Toxic Radia  Pois           #####...     3%          4    ###....
e - Venom Bolt            Conj/Pois      #####.....   9%          5    #####..


Dungeon Overview and Level Annotations

Branches:
Dungeon (10/15)            Temple (1/1) D:6            Lair (0/6) D:9
    Orc: D:9-12

Altars:
Ashenzari
Cheibriados
Dithmenos
Elyvilon
Fedhas
Gozag
Hepliaklqana
Kikubaaqudgha
Makhleb
Nemelex Xobeh
Okawaru
Qazlal
Ru
Sif Muna
Trog
Uskayaw
Vehumet
Wu Jian
Xom
Yredelemnul
Zin
The Shining One

Shops:
D:9 }

Annotations:
D:6 Kairos's ghost, novice DsGl
D:8 magui's ghost, novice MiBe
D:10 wojtek's ghost, novice MiFi


Innate Abilities, Weirdness & Mutations

You can breathe blasts of noxious fumes.
Your lurid green scales are hard. (AC +7)
You cannot fit into any form of body armour.
Your system is resistant to poisons. (rPois)
You are cold-blooded and may be slowed by cold attacks.
You are agile. (Dex +2)
Your muscles are strong. (Str +2)


Message History

Wojtek's ghost misses you.
You closely miss wojtek's ghost.
You feel yourself speed up. Wojtek's ghost closely misses you.
Wojtek's ghost misses you.
You closely miss wojtek's ghost. Wojtek's ghost misses you.
Wojtek's ghost hits you!
You feel yourself slow down. Wojtek's ghost freezes you.
Wojtek's ghost hits you!!
You feel as though you will be slow longer.
Wojtek's ghost freezes you. Wojtek's ghost closely misses you.
You feel yourself speed up. Wojtek's ghost hits you!!
* * * LOW HITPOINT WARNING * * *
You feel yourself slow down. Wojtek's ghost freezes you.
* * * LOW HITPOINT WARNING * * *
There is a stone staircase leading up here.
You feel yourself speed up. Wojtek's ghost hits you.
You die...

# .# ####.#
#....#
####.#######
#..........#
#......<)..##
#....W........#
#...)@.....##.#
#.......)!.#
#............#
###..........#
#..........#
############


You could see wojtek's ghost.

Vanquished Creatures
  Prince Ribbit (D:9)
  A hippogriff (D:8)
  A wraith (Ossuary)
  5 yaks (D:9)
  A porcupine (D:9)
  3 orc warriors
  An ice beast (D:6)
  A phantom (D:6)
  3 centaurs
  3 sky beasts
  A necrophage (D:9)
  An ogre (D:6)
  A big kobold (D:9)
  A crocodile (D:9)
  6 bullfrogs
  3 scorpions
  A crimson imp (D:9)
  4 quasits
  A centaur zombie (D:5)
  2 centaur skeletons
  6 orc wizards
  2 hounds
  5 orc priests
  2 iguanas
  7 worker ants
  A killer bee zombie (D:5)
  A big kobold zombie (Ossuary)
  2 hound skeletons (D:6)
  4 mummies
  4 gnolls (D:3)
  7 adders
  An ooze (D:1)
  An adder zombie (D:9)
  2 adder skeletons
  3 worms
  A dart slug (D:2)
  5 leopard geckos
  19 orcs
  6 bats
  3 giant cockroaches
  4 goblins
  11 hobgoblins
  8 jackals
  11 kobolds
  7 quokkas
  5 frilled lizards
  3 goblin zombies (Ossuary)
  5 hobgoblin zombies (Ossuary)
  A jackal zombie (D:7)
  2 kobold zombies (Ossuary)
  An orc zombie (D:7)
  6 rats
187 creatures vanquished.

Vanquished Creatures (others)
  A goblin zombie (Ossuary)
1 creature vanquished.

Grand Total: 188 creatures vanquished

Notes
Turn   | Place    | Note
-------+----------+-------------------------------------------
     0 | D:1      | vatarom the Draconian Venom Mage began the quest for the Orb.
     0 | D:1      | Reached XP level 1. HP: 14/14 MP: 3/3
   234 | D:1      | Reached skill level 1 in Fighting
   234 | D:1      | Reached XP level 2. HP: 15/23 MP: 0/5
   962 | D:1      | Learned a level 2 spell: Poisonous Vapours
  1184 | D:2      | Reached XP level 3. HP: 15/28 MP: 0/6
  2326 | D:3      | Noticed a centaur
  2335 | D:3      | Killed a centaur
  2335 | D:3      | Reached XP level 4. HP: 20/35 MP: 0/8
  2335 | D:3      | Reached XP level 5. HP: 23/40 MP: 0/9
  2421 | D:2      | Learned a level 3 spell: Mephitic Cloud
  3131 | D:3      | Learned a level 4 spell: Olgreb's Toxic Radiance
  3679 | D:4      | Reached XP level 6. HP: 43/47 MP: 4/11
  4706 | D:4      | Your scales start taking on a lurid green colour.
  4706 | D:4      | Reached skill level 5 in Poison Magic
  4706 | D:4      | Reached XP level 7. HP: 39/52 MP: 1/13
  4706 | D:4      | Gained mutation: Your system is resistant to poisons. (rPois) [Green Draconian growth]
  4838 | D:5      | Entered Level 5 of the Dungeon
  4864 | D:5      | Reached skill level 5 in Conjurations
  6172 | D:6      | Reached skill level 5 in Spellcasting
  6231 | D:6      | Learned a level 5 spell: Venom Bolt
  6312 | D:6      | Reached XP level 8. HP: 40/59 MP: 2/15
  6441 | D:6      | Found a staircase to the Ecumenical Temple.
  6453 | D:6      | Noticed Kairos's ghost (novice DsGl)
  6828 | Temple   | Entered the Ecumenical Temple
  6912 | Temple   | Became a worshipper of Sif Muna the Loreminder
  7230 | D:7      | Found a sand-covered staircase.
  7239 | Ossuary  | Entered an ossuary
  7909 | D:7      | Reached skill level 1 in Invocations
  8003 | D:7      | Reached * piety under Sif Muna
  8022 | D:7      | You fall through a shaft!
  8063 | D:8      | Noticed a hippogriff
  8077 | D:8      | Killed a hippogriff
  8077 | D:8      | Reached XP level 9. HP: 41/68 MP: 12/18
  8525 | D:8      | Found a basalt altar of Yredelemnul.
  8606 | D:8      | Noticed magui's ghost (novice MiBe)
  9151 | D:9      | Reached skill level 5 in Fighting
  9158 | D:9      | Reached ** piety under Sif Muna
  9359 | D:9      | Reached XP level 10. HP: 61/79 MP: 15/21
  9369 | D:9      | Found Cost's Gadget Boutique.
  9443 | D:9      | Found a staircase to the Lair.
  9543 | D:9      | Noticed Prince Ribbit
  9555 | D:9      | Killed Prince Ribbit
  9627 | D:9      | Gained mutation: Your muscles are strong. (Str +2) [potion of mutation]
  9627 | D:9      | Gained mutation: You are agile. (Dex +2) [potion of mutation]
  9682 | D:9      | Found a burning altar of Makhleb.
  9717 | D:10     | Entered Level 10 of the Dungeon
  9720 | D:10     | Noticed wojtek's ghost (novice MiFi)
  9732 | D:10     | Slain by wojtek's ghost

Skill      XL: |  1  2  3  4  5  6  7  8  9 |
---------------+----------------------------+-----
Fighting       | 1 2 5 |  5.6
Conjurations   | 2 3 4 6 7 8 |  8.6
Spellcasting   | 3 4 5 6 7 |  7.7
Poison Magic   | 4 5 6 7 8 |  8.1
Invocations    | 1 3 |  3.6
Dodging        | |  1.7
Stealth        | |  1.7

Action                   |  1- 3 |  4- 6 |  7- 9 | 10-12 || total
-------------------------+-------+-------+-------+-------++-------
Melee: Unarmed           |    79 |       |       |       ||    79
       Tailslap          |    12 |     5 |    33 |     1 ||    51
       Trident           |    18 |    72 |       |       ||    90
       Mace              |       |     7 |   347 |    15 ||   369
 Cast: Sting             |    52 |    54 |    27 |     1 ||   134
       Poisonous Vapours |    16 |    31 |    48 |     6 ||   101
       Mephitic Cloud    |       |     3 |     8 |       ||    11
       Venom Bolt        |       |       |     2 |       ||     2
       Olgreb's Toxic Ra |       |       |     3 |     2 ||     5
Invok: Divine Energy     |       |       |     1 |       ||     1
 Abil: Breathe Noxious F |       |       |    10 |     2 ||    12
Evoke: Wand              |       |       |     5 |       ||     5
  Use: Scroll            |     5 |     3 |     8 |       ||    16
       Potion            |       |       |     7 |     1 ||     8
 Stab: Sleeping          |       |     3 |     4 |       ||     7
       Confused          |       |       |     4 |     1 ||     5
  Eat: Chunk             |     6 |     3 |     3 |     1 ||    13
       Ration            |       |     2 |     5 |       ||     7
Armor: Skin              |    28 |    28 |   225 |     3 ||   284
Dodge: Dodged            |    73 |    60 |   303 |    11 ||   447
Block: Other             |       |     4 |    88 |     2 ||    94
       Reflection        |       |       |     2 |       ||     2
